 Dungeon Crawl Stone Soup version 0.20.2-3-g29329e0561 (webtiles) character file.

109 Alfie the Skirmisher (level 4, -7/40 HPs)
             Began as a Hill Orc Fighter on Jan 31, 2024.
             Mangled by a gnoll
             ... wielding a +0 halberd
              (9 damage)
             ... on level 3 of the Dungeon.
             The game lasted 00:05:04 (2050 turns).

Alfie the Skirmisher (Hill Orc Fighter)             Turns: 2050, Time: 00:05:04

Health: -7/40      AC:  8    Str: 23    XL:     4   Next: 90%
Magic:  4/4        EV:  8    Int: 12    God:
Gold:   115        SH:  9    Dex: 10    Spells: 3/3 levels left

rFire    . . .     SeeInvis .   a - +0 rapier
rCold    . . .     Gourm    .   c - +0 shield
rNeg     . . .     Faith    .   b - +0 scale mail
rPois    .         Spirit   .   (no helmet)
rElec    .         Reflect  .   (no cloak)
rCorr    .         Harm     .   m - +0 pair of gloves
MR       .....                  (no boots)
Stlth    ..........             (no amulet)
Regen    0.2/turn               o - +4 ring of intelligence
MPRegen  0.1/turn               t - +4 ring of strength

@: no status effects
A: no striking features
a: no special abilities


You were on level 3 of the Dungeon.
You were not hungry.

You visited 1 branch of the dungeon, and saw 3 of its levels.

You collected 115 gold pieces.

Inventory:

Hand Weapons
 a - a +0 rapier (weapon)
Armour
 b - a +0 scale mail (worn)
 c - a +0 shield (worn)
 m - a +0 pair of gloves (worn)
Jewellery
 o - a +4 ring of intelligence (left hand)
 t - a +4 ring of strength (right hand)
Scrolls
 e - 4 scrolls of remove curse {unknown}
 f - a scroll of blinking {unknown}
 g - a scroll of fog {unknown}
 h - a scroll of amnesia {unknown}
 k - 4 scrolls of identify {unknown}
 n - 3 scrolls of magic mapping {unknown}
 p - a scroll of enchant armour {unknown}
 r - a scroll of fear {unknown}
 s - a scroll of immolation {unknown}
 v - a scroll of recharging {unknown}
Potions
 d - a potion of might
 j - a potion of curing {unknown}
 l - 3 potions of heal wounds {unknown}
Comestibles
 i - 3 meat rations
 q - 2 bread rations
 u - a royal jelly


   Skills:
 + Level 4.2 Fighting
 + Level 3.1 Short Blades
 + Level 4.0 Armour
 + Level 0.7 Dodging
 + Level 4.0 Shields


You had 3 spell levels left.
You didn't know any spells.

Dungeon Overview and Level Annotations

Branches:
Dungeon (3/15)

Altars:
Dithmenos


Message History

You hit the gnoll.
The gnoll is severely wounded.
You block the gnoll's attack. The gnoll barely misses you.
The gnoll hits you but does no damage.
You completely miss the gnoll.
The gnoll is severely wounded.
The gnoll closely misses you. The gnoll barely misses you.
You hit the gnoll.
The gnoll is severely wounded.
The gnoll closely misses you. The gnoll hits you but does no damage.
You hit the gnoll.
The gnoll is almost dead.
The gnoll hits you with an enchanted whip.
* * * LOW HITPOINT WARNING * * *
The gnoll closely misses you.
A rat comes into view.
You closely miss the gnoll.
The gnoll is almost dead.
The gnoll hits you but does no damage. The gnoll hits you with a halberd!
You die...

............#
#.#
..##.##†###.#
#†# # #.# #.#
#.# #.# #.# #.#
..# #†# #.# #.#
#.###.####g#
#..r.....g@###.#
..###..........#
############


You could see 2 gnolls and a rat.

Vanquished Creatures
  A gnoll (D:3)
  2 adders (D:2)
  An adder skeleton (D:3)
  2 worms
  2 dart slugs
  A leopard gecko (D:3)
  A ball python (D:1)
  10 bats
  2 giant cockroaches
  8 goblins
  8 hobgoblins
  9 jackals
  6 kobolds
  4 frilled lizards
  6 rats
63 creatures vanquished.

Notes
Turn   | Place    | Note
-------+----------+-------------------------------------------
     0 | D:1      | Alfie the Hill Orc Fighter began the quest for the Orb.
     0 | D:1      | Reached XP level 1. HP: 19/19 MP: 1/1
   116 | D:1      | Reached XP level 2. HP: 14/27 MP: 2/2
   451 | D:1      | Reached XP level 3. HP: 25/33 MP: 3/3
  1278 | D:2      | Reached XP level 4. HP: 40/40 MP: 4/4
  1556 | D:2      | Found a shadowy altar of Dithmenos.
  2042 | D:3      | HP: 2/40 [gnoll/halberd (9)]
  2049 | D:3      | HP: 2/40 [gnoll/enchanted whip (1)]
  2050 | D:3      | Mangled by a gnoll

Skill      XL: |  1  2  3  4 |
---------------+-------------+-----
Fighting       | 4 |  4.2
Short Blades   | 3 |  3.1
Armour         | 4 |  4.0
Shields        | 4 |  4.0
Dodging        | |  0.7

Action                   |  1- 3 |  4- 6 || total
-------------------------+-------+-------++-------
Melee: Rapier            |   127 |   115 ||   242
  Eat: Bread ration      |     1 |       ||     1
Armor: Scale mail        |    58 |    59 ||   117
Dodge: Dodged            |    35 |    43 ||    78
Block: Shield            |    78 |    60 ||   138
